 Dungeon Crawl Stone Soup version 0.19-a0 (webtiles) character file.

746 Loki the Grappler (level 7, 0/66 HPs)
             Began as a Troll Warper on Apr 27, 2016.
             Slain by a sky beast (6 damage)
             ... on level 6 of the Dungeon.
             The game lasted 00:06:03 (476 turns).

Loki the Grappler (Troll Warper)                     Turns: 476, Time: 00:06:05

Health: 0/66       AC:  4    Str: 20    XL:     7   Next: 48%
Magic:  7/7        EV: 10    Int: 11    God:
Gold:   29         SH:  0    Dex:  9    Spells: 1 memorised, 7 levels left

rFire  . . .     SeeInvis .       - Unarmed
rCold  . . .     Gourm    +     k - -1 robe (curse)
rNeg   . . .     Faith    .     (no shield)
rPois  .         Spirit   .     (helmet restricted)
rElec  .         Dismiss  .     (no cloak)
rCorr  .         Reflect  .     (gloves unavailable)
SustAt .         Harm     .     (boots unavailable)
MR     .....                    (no amulet)
Stlth  +.........               (no ring)
                                (no ring)

@: drained, not resistant to hostile enchantments, very unstealthy
A: unfitting armour, claws 3, fast metabolism 3, gourmand, regeneration 2,
shaggy fur 1, tough skin 2
a: no special abilities


You were on level 6 of the Dungeon.
You were very full.

You visited 1 branch of the dungeon, and saw 7 of its levels.

You collected 29 gold pieces.

Inventory:

Hand Weapons
 e - a +0 giant spiked club
Missiles
 d - 5 tomahawks of dispersal (quivered)
Armour
 a - a +0 robe
 k - a cursed -1 robe (worn)
Scrolls
 c - 2 scrolls of blinking
 g - 2 scrolls of identify
 h - a scroll of noise {unknown}
 i - a scroll of amnesia {unknown}
Books
 b - a book of Spatial Translocations

   Spells                             Type                      Level
   a - Apportation                    Translocation                1
   b - Blink                          Translocation                2
   c - Shroud of Golubria             Charms/Translocation         2
   d - Portal Projectile              Translocation                3
   e - Teleport Other                 Translocation                3
   f - Passage of Golubria            Translocation                4
Comestibles
 f - 3 bread rations
 j - a meat ration


   Skills:
 + Level 2.4(2.3) Fighting
 - Level 0.8 Throwing
 - Level 1.9(1.8) Dodging
 * Level 8.3(8.2) Unarmed Combat
 - Level 1.2 Spellcasting
 - Level 2.1 Translocations


You had 7 spell levels left.
You knew the following spells:

 Your Spells              Type           Power        Failure   Level  Hunger
a - Apportation           Tloc           #.........   17%         1    ##.....


Dungeon Overview and Level Annotations

Branches:
Dungeon (7/15)
 Temple: D:4-7

Altars:
Qazlal

Annotations:
D:5 Dowan; Duvessa; Loki's ghost, amateur TrWr


Innate Abilities, Weirdness & Mutations

You are too large for most types of armour.
You have claws for hands.
Your metabolism is lightning-fast.
You like to eat raw meat.
You heal very quickly.
You are covered in fur (AC +1).
You have very tough skin (AC +2).


Message History

The sky beast hits you. The sky beast shocks you.
You barely miss the sky beast.
The sky beast is lightly wounded.
The sky beast hits you. The sky beast shocks you.
* * * LOW HITPOINT WARNING * * *
You mangle the jelly!!
You kill the jelly!
The sky beast hits you.
* * * LOW HITPOINT WARNING * * *
The sky beast shocks you.
* * * LOW HITPOINT WARNING * * *
You closely miss the sky beast.
The sky beast is lightly wounded.
The sky beast barely misses you.
You closely miss the sky beast.
The sky beast is lightly wounded.
The sky beast hits you.
* * * LOW HITPOINT WARNING * * *
The sky beast shocks you.
You die...

## ###
#######. ...
...(.... #.#
####.##. #Y#
#. #@#####
#. #.....#
## #####.#
#.# #...#
#....###.###
.$....J..#
########.#
#.##
#..########


You could see a sky beast.

Vanquished Creatures
  Sigmund (D:6)
  A water moccasin (D:5)
  An ogre (D:6)
  A giant frog (D:6)
  A howler monkey (D:5)
  A crimson imp (D:6)
  A jelly (D:6)
  A giant frog skeleton (D:5)
  An orc priest (D:6)
  2 orc wizards (D:6)
  3 worker ants
  A hound zombie (D:6)
  An adder (D:2)
  A giant gecko (D:4)
  7 orcs
  2 giant cockroaches
  A goblin (D:1)
  A ball python (D:4)
  A rat (D:1)
29 creatures vanquished.

Notes
Turn   | Place    | Note
--------------------------------------------------------------
     0 | D:1      | Loki the Troll Warper began the quest for the Orb.
     0 | D:1      | Reached XP level 1. HP: 19/19 MP: 1/1
    79 | D:2      | Reached XP level 2. HP: 27/27 MP: 2/2
    84 | D:3      | Found a stormy altar of Qazlal.
   100 | D:3      | Reached skill level 3 in Unarmed Combat
   152 | D:4      | Noticed a phantom
   172 | D:5      | Entered Level 5 of the Dungeon
   183 | D:5      | Reached skill level 4 in Unarmed Combat
   183 | D:5      | Reached XP level 3. HP: 20/33 MP: 3/3
   184 | D:5      | Noticed a water moccasin
   206 | D:5      | Killed a water moccasin
   206 | D:5      | Reached skill level 5 in Unarmed Combat
   206 | D:5      | Reached XP level 4. HP: 16/41 MP: 4/4
   206 | D:5      | Reached XP level 5. HP: 19/48 MP: 5/5
   226 | D:5      | Reached skill level 6 in Unarmed Combat
   231 | D:5      | Noticed Loki's ghost (amateur TrWr)
   236 | D:5      | Noticed Duvessa
   238 | D:5      | Noticed Dowan
   278 | D:6      | Noticed Sigmund
   290 | D:6      | Killed Sigmund
   290 | D:6      | Reached skill level 7 in Unarmed Combat
   290 | D:6      | Reached XP level 6. HP: 23/55 MP: 6/6
   373 | D:6      | Reached XP level 7. HP: 50/63 MP: 7/7
   417 | D:6      | HP: 2/65 [orc/trident (10)]
   419 | D:6      | Reached skill level 8 in Unarmed Combat
   422 | D:6      | HP: 3/65 [crimson imp (1)]
   476 | D:6      | Slain by a sky beast

Vault maps used:
D:1:      minmay_arrival_stone_box
D:2:      vehumet_crystals, serial_forest, infiniplex_forest_end_double,
          infiniplex_forest_clump_diagonal, infiniplex_forest_end_3,
          infiniplex_forest_end_1, infiniplex_forest_clump_medium,
          infiniplex_forest_lined_3, infiniplex_forest_corner_1,
          infiniplex_forest_straight_2, infiniplex_forest_clump_diagonal,
          trog_butcher_becter
D:3:      lemuel_crystal_altar, lemuel_blue_sif_altar, kennysheep_nub,
          minmay_cut_off
D:4:      okawaru_trees_2, trog_three_pillars_becter
D:5:      tso_altar, nemelex_xobeh_ov_fountains_minmay, first_bread,
          uniq_duvessa
D:6:      uniq_crazy_yiuf_cottage, uniq_sigmund
D:7:      elyvilon_altar_1, minmay_temple_entry_mist, serial_shops,
          kennysheep_little_box, the_bakery, minivault_26

Skill      XL: |  1  2  3  4  5  6  7 |
---------------+----------------------+-----
Unarmed Combat | 4 5 7 8 |  8.3
Fighting       | 2 |  2.4
Throwing       | |  0.8
Dodging        | |  1.9
Spellcasting   | |  1.2
Translocations | |  2.1

Action                   |  1- 3 |  4- 6 |  7- 9 || total
-------------------------+-------+-------+-------++-------
Melee: Unarmed           |    42 |    35 |    28 ||   105
       Punch             |       |     1 |     3 ||     4
  Use: Scroll            |       |     4 |       ||     4
       Potion            |       |     2 |       ||     2
 Stab: Sleeping          |     1 |       |       ||     1
  Eat: Chunk             |     2 |     5 |       ||     7
       Beef jerky        |     1 |       |       ||     1
Armor: Robe              |     7 |     6 |     6 ||    19
Dodge: Dodged            |    15 |    18 |    10 ||    43
